 Dungeon Crawl Stone Soup version 0.26-a0-649-gf8c6c3aab7 (webtiles) character file.

Game seed: 18217931800088888804

1843 reriks the Thaumaturge (level 8, -4/41 HPs)
             Began as a Deep Elf Conjurer on Sept 27, 2020.
             Slain by a white ugly thing (12 damage)
             ... on level 6 of the Dungeon.
             The game lasted 00:15:51 (8230 turns).

reriks the Thaumaturge (Deep Elf Conjurer)          Turns: 8230, Time: 00:15:52

Health: -4/41      AC: 11    Str:  4    XL:     8   Next: 88%
Magic:  19/22      EV: 16    Int: 26    God:
Gold:   424        SH:  0    Dex: 13    Spells: 6/23 levels left

rFire    . . .     SeeInvis +   p - +2 short sword (flame)
rCold    + . .     Faith    .   (no shield)
rNeg     . . .     Spirit   .   B - +0 robe {rC+}
rPois    .         Reflect  .   A - +1 helmet {SInv}
rElec    .         Harm     .   (no cloak)
rCorr    .         Rampage  .   j - +2 pair of gloves
MR       .....                  (no boots)
Stlth    ++........             (no amulet)
HPRegen  0.13/turn              F - +4 ring of protection
MPRegen  0.18/turn              (no ring)

@: no status effects
A: no striking features
a: no special abilities


You were on level 6 of the Dungeon.
You visited 1 branch of the dungeon, and saw 6 of its levels.

You collected 424 gold pieces.

Inventory:

Hand Weapons
 g - a +0 club
 n - a +0 mace
 p - a +2 short sword of flaming (weapon)
Missiles
 h - 10 boomerangs (quivered)
Armour
 a - a +1 robe
 i - a +0 tower shield
 j - a +2 pair of gloves (worn)
 x - a +0 buckler
 A - a +1 helmet of see invisible (worn)
 B - a +0 robe of cold resistance (worn)
 G - the +3 leather armour "Tydiwit" {Harm rPois}
   (You found it on level 6 of the Dungeon)

   It protects you from poison.
   It increases damage dealt and taken.
Jewellery
 F - a +4 ring of protection (left hand)
Wands
 w - a wand of acid (8)
 C - a wand of enslavement (11)
Scrolls
 b - a scroll of fear {unknown}
 d - 2 scrolls of remove curse
 e - 3 scrolls of enchant armour
 f - a scroll of enchant weapon {unknown}
 k - 3 scrolls of teleportation {unknown}
 r - a scroll of fog {unknown}
 s - 4 scrolls of magic mapping {unknown}
 z - a scroll of amnesia {unknown}
Potions
 c - 2 potions of stabbing
 l - a potion of magic
 m - 3 potions of curing
 o - 3 potions of ambrosia
 q - 4 potions of might
 t - 2 potions of haste
 u - 3 potions of degeneration
 v - 2 potions of heal wounds {unknown}
 D - a potion of resistance {unknown}
 E - a potion of flight {unknown}


   Skills:
 + Level 7.3 Dodging
 - Level 2.4 Stealth
 * Level 2.8 Shields
 + Level 8.1 Spellcasting
 + Level 8.1 Conjurations
 + Level 4.4 Hexes


You had 6 spell levels left.
You knew the following spells:

 Your Spells              Type           Power        Failure   Level
a - Magic Dart            Conj           ####         1%          1
b - Searing Ray           Conj           ######       1%          2
c - Dazzling Flash        Conj/Hex       #####.       1%          3
d - Fulminant Prism       Conj/Hex       #####.....   4%          4
e - Iskenderun's Mystic   Conj/Tloc      ####....     11%         4
f - Shock                 Conj/Air       ####         1%          1
g - Passwall              Tmut/Erth      ##......     9%          2

Your spell library contained the following spells:

 Spells                   Type           Power        Failure   Level
 Static Discharge         Conj/Air       ####....     3%          3
 Stone Arrow              Conj/Erth      ####..       3%          3
 Sandblast                Erth           ##....       5%          1
 Swiftness                Air            ##......     9%          2
 Lightning Bolt           Conj/Air       ####......   28%         5
 Airstrike                Air            ##........   50%         4
 Petrify                  Tmut/Erth      ##......     50%         4
 Lee's Rapid Deconstruct  Erth           ##........   83%         5


Dungeon Overview and Level Annotations

Branches:
Dungeon (6/15)
 Temple: D:4-7

Altars:
Ashenzari
Hepliaklqana
Ru
Sif Muna

Shops:
D:4 :(*


Message History

The white ugly thing punches you but does no damage.
The searing ray misses the white ugly thing.
You finish channeling your searing ray.
The white ugly thing punches you but does no damage.
Casting: Searing Ray (safe; 1% risk of failure)
Confirm with . or Enter, or press ? or * to list all spells.
Okay, then.
Casting: Searing Ray (safe; 1% risk of failure)
Confirm with . or Enter, or press ? or * to list all spells.
The white ugly thing is dazzled.
The white ugly thing punches you! The white ugly thing freezes you! You resist.
The white ugly thing is no longer blind.
There is an open door here.
The white ugly thing barely misses you. The white ugly thing barely misses you.
There is an open door here.
The white ugly thing punches you!
* * * LOW HITPOINT WARNING * * *
The white ugly thing freezes you! You resist.
You die...

.............###.........#.......
.............# #.................
.............# ####..#####.......
....########.# #..#####.......
##### #.# #.....##.......
#.######.###.#########
#.#....#.##.......#
#.#......##.........
#.'.u@...##........#
###......##.........
#####......##.........
#..........######.....
#..........# ##### #..........#
#..........# #..........#
#.........## #


You could see a white ugly thing.

Vanquished Creatures
  Sigmund (D:3)
  Menkaure (D:4)
  3 phantoms
  A sky beast (D:5)
  5 ogres
  A centaur (D:5)
  A scorpion (D:5)
  A jelly (D:5)
  5 orc wizards
  3 orc priests
  An iguana (D:4)
  5 worker ants
  Robin (D:4)
  7 adders
  2 white imps
  An ufetubus (D:6)
  An ooze (D:3)
  An adder skeleton (D:5)
  3 worms
  3 dart slugs
  5 leopard geckos
  21 orcs
  7 giant cockroaches
  11 hobgoblins
  12 jackals
  9 kobolds
  4 quokkas
  2 ball pythons
  12 bats
  5 frilled lizards
  15 goblins
  2 leopard gecko skeletons
  A quokka skeleton (D:5)
  8 rats
161 creatures vanquished.

Notes
Turn   | Place    | Note
-------+----------+-------------------------------------------
     0 | D:1      | reriks the Deep Elf Conjurer began the quest for the Orb.
     0 | D:1      | Reached XP level 1. HP: 10/10 MP: 6/6
   256 | D:1      | Reached XP level 2. HP: 15/15 MP: 4/8
  1142 | D:1      | Reached skill level 5 in Conjurations
  1145 | D:1      | Reached XP level 3. HP: 14/19 MP: 0/10
  1439 | D:1      | Learned a level 2 spell: Searing Ray
  1443 | D:1      | Learned a level 3 spell: Dazzling Flash
  2189 | D:2      | Reached XP level 4. HP: 24/24 MP: 8/12
  2542 | D:3      | Learned a level 4 spell: Fulminant Prism
  3520 | D:3      | Found a sacrificial altar of Ru.
  3545 | D:3      | Found a shimmering blue altar of Sif Muna.
  3564 | D:3      | Found a hazy altar of Hepliaklqana.
  3615 | D:3      | Noticed Sigmund
  3620 | D:3      | Killed Sigmund
  3620 | D:3      | Reached skill level 5 in Spellcasting
  3620 | D:3      | Reached XP level 5. HP: 7/28 MP: 5/14
  3620 | D:3      | Reached XP level 6. HP: 8/32 MP: 5/16
  4100 | D:4      | Noticed Robin
  4103 | D:4      | Noticed Menkaure
  4555 | D:4      | Reached skill level 5 in Dodging
  4625 | D:4      | Reached XP level 7. HP: 36/36 MP: 11/18
  4707 | D:4      | Killed Menkaure
  4854 | D:4      | Found Myvva's Book Emporium.
  4882 | D:4      | Learned a level 4 spell: Iskenderun's Mystic Blast
  4888 | D:4      | Reached skill level 1 in Hexes
  4971 | D:4      | Found a broken altar of Ashenzari.
  5068 | D:4      | You fall into a shaft and drop 1 floor!
  5068 | D:5      | Entered Level 5 of the Dungeon
  5277 | D:5      | Reached XP level 8. HP: 33/41 MP: 14/21
  5490 | D:5      | Learned a level 1 spell: Shock
  5821 | D:5      | Reached skill level 1 in Shields
  6208 | D:4      | Killed Robin
  6575 | D:4      | Found Wufeng's Weapon Boutique.
  6892 | D:4      | Found Tenlufus's General Store.
  8069 | D:6      | Learned a level 2 spell: Passwall
  8176 | D:6      | Got a steaming leather armour
  8177 | D:6      | Identified the +3 leather armour "Tydiwit" {Harm rPois}
                  | (You found it on level 6 of the Dungeon)
  8199 | D:6      | Noticed a white ugly thing
  8230 | D:6      | Slain by a white ugly thing

Illustrated notes

Levels and vault maps discovered:
D:1:      nicolae_arrival_washed_ashore, layout_basic, st_stairs_3
D:2:      layout_rooms, minmay_misc_feat_nine_boxes
D:3:      kennysheep_the_goblin_king, layout_loops_ring,
          nicolae_overflow_crystal_walls,
          chequers_temple_overflow_statue_of_worship, uniq_sigmund
D:4:      layout_basic, serial_shops, shop, shop, kennysheep_mini_moat,
          ashenzari_altar_1, uniq_menkaure, uniq_robin
D:5:      layout_basic, st_stairs_1
D:6:      layout_basic, cheibriados_altar_1

Skill      XL: |  1  2  3  4  5  6  7  8 |
---------------+-------------------------+-----
Conjurations   | 5 6 7 8 |  8.1
Dodging        | 3 4 5 6 7 |  7.3
Spellcasting   | 4 5 6 7 8 |  8.1
Hexes          | 2 4 |  4.4
Shields        | 2 |  2.8
Stealth        | |  2.4

Action                   |  1- 3 |  4- 6 |  7- 9 || total
-------------------------+-------+-------+-------++-------
Melee: Club              |     5 |       |       ||     5
       Short sword       |       |    10 |     4 ||    14
 Cast: Magic Dart        |    93 |   104 |    77 ||   274
       Searing Ray       |       |     5 |    43 ||    48
       Dazzling Flash    |       |     3 |     1 ||     4
  Use: Scroll            |       |       |    10 ||    10
 Stab: Sleeping          |       |       |     1 ||     1
Armor: Robe              |     2 |     2 |     8 ||    12
Dodge: Dodged            |    10 |    24 |    10 ||    44

Table legend: (Time is in decaauts)
 A = Elapsed time spent in this place.
 B = Non-inter-level travel time spent in this place.
 C = Inter-level travel time spent in this place.
 D = Time resting spent in this place.
 E = Time spent auto-exploring this place.
 F = Levels seen in this place.
 G = Mean time per level.
                   A        B        C        D        E       F      G
               +--------+--------+--------+--------+--------+-----+--------+
         Total |   8243 |   7932 |    311 |   3863 |   3192 |   6 | 1373.8 |
       Dungeon |   8243 |   7932 |    311 |   3863 |   3192 |   6 | 1373.8 |
               +--------+--------+--------+--------+--------+-----+--------+

Top non-repeatable levels by time:
     D:3: 2158 daAuts
     D:5: 1688 daAuts
     D:1: 1533 daAuts
     D:4: 1343 daAuts
     D:2: 938 daAuts
     D:6: 581 daAuts
